 Dungeon Crawl Stone Soup version 0.24-a0-631-g346d576 (webtiles) character file.

Game seed: 394557011912617297, levelgen mode: deterministic

598391 Laraso the Slayer (level 26, -1/247 HPs)
             Began as a Grey Draconian Summoner on Sept 20, 2019.
             Was the Champion of Ashenzari.
             Slain by an Orb Guardian (35 damage)
             ... on level 5 of the Realm of Zot.
             The game lasted 02:25:13 (60992 turns).

Laraso the Slayer (Grey Draconian Summoner)        Turns: 60992, Time: 02:25:14

Health: -1/247     AC: 30    Str: 15    XL:     26   Next: 41%
Magic:  28/35      EV: 27    Int: 29    God:    Ashenzari [******]
Gold:   2762       SH:  0    Dex: 14    Spells: 1/49 levels left

rFire    . . .     SeeInvis +   a - +7 Sulking Sword {slice, sonic wave} (curse)
rCold    . . .     Gourm    .   (no shield)
rNeg     . . .     Faith    .   (armour unavailable)
rPois    .         Spirit   .   (helmet restricted)
rElec    +         Reflect  .   T - +2 cloak {+Inv} (curse)
rCorr    .         Harm     .   u - +2 pair of gloves of Deur {rElec Int+2} (curse)
MR       +....     Clarity  +   W - +2 pair of boots {run} (curse)
Stlth    ++++......             M - amulet of Limitation {Regen+ Str+4 Int+4} (curse)
HPRegen  1.91/turn              A - +4 ring of protection (curse)
MPRegen  0.24/turn              R - +3 ring of slaying

@: silence, regenerating, deflect missiles, quick
A: walk through water, unfitting armour, clever 1, clumsy 1, low mp 1, sense
surroundings 1, weak 1, unbreathing, evolution 1, cold-blooded, MP-powered
wands, AC +17
}: 3/15 runes: decaying, silver, gossamer
a: Renounce Religion, Evoke Invisibility


You were on level 5 of the Realm of Zot.
You worshipped Ashenzari.
Ashenzari was exalted by your worship.
You were full.

You visited 10 branches of the dungeon, and saw 48 of its levels.
You also visited: Ossuary and Ice Cave.

You collected 6477 gold pieces.
You spent 3715 gold pieces at shops.

Inventory:

Hand Weapons
 a - the cursed +7 Sulking Sword (weapon) {slice, sonic wave}
   (You found it on level 4 of the Dungeon)

   It inflicts extra damage upon your enemies.
   It has a curse placed upon it.
Armour
 u - the cursed +2 pair of gloves of Deur (worn) {rElec Int+2}
   (You acquired it on level 5 of the Vaults)

   It affects your intelligence (+2).
   It insulates you from electricity.
   It has a curse placed upon it.
 T - a cursed +2 cloak of invisibility (worn)
 W - a cursed +2 pair of boots of running (worn)
Jewellery
 w - an uncursed ring of protection from magic
 A - a cursed +4 ring of protection (left hand)
 C - an uncursed ring of protection from fire
 M - the cursed amulet of Limitation (around neck) {Regen+ Str+4 Int+4}
   (You bought it in a shop on level 2 of the Orcish Mines)

   [amulet of regeneration]

   It affects your strength (+4).
   It affects your intelligence (+4).
   It increases your rate of regeneration.
   It has a curse placed upon it.
 R - a +3 ring of slaying (right hand)
 V - the ring "Komigh" {rC+++ rN+ Int+3 Dex+2}
   (You took it off a fire giant on level 2 of the Depths)

   [ring of dexterity]

   It affects your intelligence (+3).
   It affects your dexterity (+2).
   It renders you almost immune to cold.
   It protects you from negative energy.
Wands
 i - a wand of digging (19)
 q - a wand of disintegration (49)
 r - a wand of enslavement (18)
 z - a wand of polymorph (63)
 L - a wand of iceblast (38)
 N - a wand of paralysis (29)
 O - a wand of acid (43)
 Z - a wand of scattershot (6)
Scrolls
 f - 19 scrolls of teleportation
 g - 2 scrolls of blinking
 m - 2 scrolls of amnesia
 v - 3 scrolls of holy word
 x - 27 scrolls of identify
 y - 3 scrolls of fog
 B - 3 scrolls of magic mapping
 I - 3 scrolls of torment
 K - 2 scrolls of silence
 Q - 3 scrolls of fear
 X - 5 scrolls of remove curse
Potions
 c - 13 potions of agility
 j - 5 potions of might
 k - 6 potions of brilliance
 l - 4 potions of mutation
 n - 2 potions of resistance
 p - 2 potions of haste
 s - a potion of berserk rage
 t - 18 potions of curing
 D - 6 potions of heal wounds
 E - 4 potions of flight
 F - 5 potions of cancellation
 H - 6 potions of ambrosia
 P - 2 potions of invisibility
 S - a potion of magic
Miscellaneous
 d - a phial of floods
 h - a lamp of fire
 o - a lightning rod (4/4)
 U - a fan of gales
 Y - a phantom mirror
Comestibles
 b - 70 rations


   Skills:
 * Level 22.2 Fighting
 - Level 16.1(20.0) Long Blades
   Level 2.2 Staves
 - Level 19.7(22.0) Dodging
 - Level 8.0(11.0) Stealth
 - Level 12.0 Spellcasting
   Level 4.0(6.8) Conjurations
 - Level 3.1(5.7) Hexes
 - Level 16.5(19.0) Charms
 - Level 19.7(22.0) Necromancy
 - Level 5.1(8.1) Transmutations
 - Level 4.1(7.0) Ice Magic
 - Level 4.4(7.3) Air Magic
 - Level 9.1(12.0) Earth Magic
   Level 4.0(6.8) Poison Magic
 - Level 9.5(12.4) Evocations


You had one spell level left.
You knew the following spells:

 Your Spells              Type           Power        Failure   Level  Hunger
a - Infusion              Chrm           ####         0%          1    None
b - Blink                 Tloc           N/A          3%          2    None
c - Statue Form           Tmut/Erth      ######...    8%          6    #####..
d - Ozocubu's Armour      Chrm/Ice       #######.     1%          3    None
e - Regeneration          Chrm/Necr      #######...   0%          3    None
f - Song of Slaying       Chrm           #######.     0%          2    None
g - Shroud of Golubria    Chrm/Tloc      ######       1%          2    None
i - Deflect Missiles      Chrm/Air       #######...   1%          6    #####..
s - Silence               Hex/Air        ######....   6%          5    ##.....
w - Sublimation of Blood  Necr           #######...   0%          2    None
M - Death's Door          Chrm/Necr      #######...   4%          8    #######
P - Borgnjor's Revivific  Necr           #######...   2%          8    #######

Your spell library contained the following spells:

 Spells                   Type           Power        Failure   Level  Hunger
 Corona                   Hex            ######.      1%          1    None
 Flame Tongue             Conj/Fire      #####        1%          1    None
 Freeze                   Ice            ####         1%          1    None
 Magic Dart               Conj           ####         1%          1    None
 Sting                    Conj/Pois      ####         1%          1    None
 Summon Small Mammal      Summ           ###.         2%          1    None
 Corpse Rot               Necr           N/A          0%          2    None
 Animate Dead             Necr           N/A          0%          4    None
 Ensorcelled Hibernation  Hex/Ice        ######       1%          2    None
 Poisonous Vapours        Pois/Air       ######       1%          2    None
 Searing Ray              Conj           ######       1%          2    None
 Slow                     Hex            ######..     1%          2    None
 Throw Frost              Conj/Ice       ######       1%          2    None
 Confuse                  Hex            ######..     1%          3    None
 Conjure Flame            Conj/Fire      #####...     1%          3    None
 Dazzling Spray           Conj/Hex       ######       1%          3    None
 Ignite Poison            Fire/Tmut/Pois #####...     1%          3    None
 Mephitic Cloud           Conj/Pois/Air  ######..     1%          3    None
 Spectral Weapon          Hex/Chrm       ######..     1%          3    None
 Static Discharge         Conj/Air       ######..     1%          3    None
 Stone Arrow              Conj/Erth      ######       1%          3    None
 Tukima's Dance           Hex            ######..     1%          3    None
 Airstrike                Air            ######....   1%          4    None
 Iskenderun's Mystic Bla  Conj           ######..     1%          4    None
 Leda's Liquefaction      Hex/Erth       ######....   1%          4    None
 Olgreb's Toxic Radiance  Pois           ######..     1%          4    None
 Petrify                  Tmut/Erth      ######..     1%          4    None
 Throw Icicle             Conj/Ice       ######..     1%          4    None
 Portal Projectile        Hex/Tloc       #####.       2%          3    None
 Summon Guardian Golem    Hex/Summ       #####...     2%          3    None
 Cause Fear               Hex            ######....   2%          4    None
 Fulminant Prism          Conj/Hex       ######....   2%          4    None
 Infestation              Necr           #######...   2%          8    #######
 Call Imp                 Summ           ###.....     3%          2    None
 Alistair's Intoxication  Tmut/Pois      ######..     3%          5    ##.....
 Irradiate                Conj/Tmut      ######....   4%          5    ##.....
 Lightning Bolt           Conj/Air       ######....   4%          5    ##.....
 Venom Bolt               Conj/Pois      ######....   4%          5    ##.....
 Summon Lightning Spire   Summ/Air       #####...     6%          4    None
 Bolt of Magma            Conj/Fire/Erth ######....   6%          5    ##.....
 Metabolic Englaciation   Hex/Ice        ######....   6%          5    ##.....
 Force Lance              Conj/Tloc      #####...     7%          4    None
 Summon Ice Beast         Ice/Summ       #####...     7%          4    None
 Call Canine Familiar     Summ           ###.....     8%          3    None
 Iron Shot                Conj/Erth      ######....   10%         6    #####..
 Hydra Form               Tmut           ######....   17%         6    #####..
 Fireball                 Conj/Fire      #####.....   19%         5    ##.....
 Conjure Ball Lightning   Conj/Air       ######....   26%         6    #####..
 Freezing Cloud           Conj/Ice/Air   ######....   26%         6    #####..
 Haunt                    Necr/Summ      ######....   26%         7    ######.
 Necromutation            Tmut/Necr      #######...   38%         8    #######
 Ring of Flames           Chrm/Fire      ######....   43%         7    ######.
 Aura of Abjuration       Summ           ###.......   56%         5    ##.....
 Summon Forest            Summ/Tloc      ###.......   56%         5    ##.....
 Dragon Form              Tmut           ######....   67%         7    ######.
 Bolt of Fire             Conj/Fire      #####.....   71%         6    #####..
 Dispersal                Tloc           ###.......   98%         6    #####..
 Malign Gateway           Summ/Tloc      ###.......   100%        7    ######.
 Monstrous Menagerie      Summ           ###.......   100%        7    ######.
 Summon Greater Demon     Summ           ###.......   100%        7    ######.
 Summon Hydra             Summ           ###.......   100%        7    ######.
 Ignition                 Fire           ###.......   100%        8    #######
 Summon Horrible Things   Summ           ###.......   100%        8    #######
 Dragon's Call            Summ           ###.......   100%        9    #######
 Shatter                  Erth           ######....   100%        9    #######
 Tornado                  Air            ######....   100%        9    #######


Dungeon Overview and Level Annotations

Branches:
Dungeon (15/15)            Temple (1/1) D:4            Lair (6/6) D:9
  Swamp (4/4) Lair:4       Spider (4/4) Lair:2        Slime (0/5) Lair:5
    Orc (2/2) D:11            Elf (0/3) Orc:2        Vaults (5/5) D:14
  Crypt (0/3) Vaults:3     Depths (5/5) D:15           Hell (visited)
    Zot (5/5) Depths:5    Ossuary (visited)           IceCv (visited)
    Dis: Hell:1         Geh: Hell:1         Coc: Hell:1         Tar: Hell:1

Altars:
Ashenzari
Cheibriados
Dithmenos
Elyvilon
Fedhas
Gozag
Hepliaklqana
Kikubaaqudgha
Makhleb
Nemelex Xobeh
Okawaru
Qazlal
Ru
Sif Muna
Trog
Uskayaw
Vehumet
Wu Jian
Xom
Yredelemnul
Zin
The Shining One
Beogh
Jiyva

Shops:
D:5 [   D:7 =   D:10 *   D:14 }   Orc:2 *:=   Vaults:2 [   Vaults:4 [
Depths:5 ((}}=

Portals:
Hell: Depths:1 Depths:2 Depths:3 Depths:4 Depths:5
Abyss: Depths:1 Depths:3 Depths:4
Pandemonium: Depths:1 Depths:2 Depths:3
Ziggurat: Depths:4

Annotations:
D:9 exclusion: orange crystal statue
Hell Geryon


Innate Abilities, Weirdness & Mutations

You can walk through water.
Your dull iron-grey scales are very hard. (AC +17)
You cannot fit into any form of body armour.
You can survive without breathing.
You are cold-blooded and may be slowed by cold attacks.
Your mind is acute. (Int +2)
You are clumsy. (Dex -2)
Your magical capacity is low. (-10% MP)
You passively map a small area around you.
You are weak. (Str -2)
You evolve.
You expend magic power (3 MP) to strengthen your wands.


Message History

The Killer Klown misses you.
You riposte.
You slice the Killer Klown!!
The Singing Sword suddenly bursts into murderous laughter!
You send a blast of sound all around you.
The Orb Guardian and the Killer Klown are blasted.
You take 4 damage, and have 135/319 hp.
You closely miss the Killer Klown. The Orb Guardian hits you!!
* * * LOW HITPOINT WARNING * * *
The Killer Klown flogs you with a +9 club of crushing.
* * * LOW HITPOINT WARNING * * *
x2 The Orb Guardian closely misses you.
You take 27 damage, and have 108/319 hp.
You open the Killer Klown like a pillowcase!!!
The Singing Sword howls, "BRING THEM DOWN!"
You send a blast of sound all around you.
The Orb Guardian and the ancient lich are blasted.
You kill the Killer Klown!
Your resistance to elements expires.
You hear a shout! x2; You hear a roar! x3
The Orb Guardian completely misses you.
You regained 2 hp, and now have 110/321 hp.
Okay, then.
The Orb Guardian completely misses you. The Orb Guardian hits you!
* * * LOW HITPOINT WARNING * * *
Things that are here:
a +9 club of crushing; a +0 hunting sling; a Killer Klown corpse You take 9 damage, and have 101/321 hp.
You feel a little less agile now.
The Orb Guardian hits you but does no damage.
The black draconian knight mumbles some strange words.
The black draconian knight seems to speed up.
Things that are here:
a +1 long sword of electrocution; a +0 cloak Your skin crawls.
The Orb Guardian completely misses you. The Orb Guardian misses you.
You regained 3 hp, and now have 105/321 hp.
You now have 32/35 mp.
You revert to your normal fleshy form.
The cursed +2 pair of gloves of Deur {rElec Int+2} unmelds from your body.
Your cursed +2 pair of boots of running unmelds from your body.
You feel quick. The Orb Guardian hits you!
* * * LOW HITPOINT WARNING * * *
The black draconian knight casts a spell.
The black draconian knight flickers and vanishes for a moment.
The Orb Guardian hits you but does no damage.
You now have 71/247 hp.
A profound silence engulfs you. The Orb Guardian hits you!!!
* * * LOW HITPOINT WARNING * * *
The ancient lich touches you but does no damage.
The Orb Guardian hits you.
* * * LOW HITPOINT WARNING * * *
You take 41 damage, and have 30/247 hp.
You now have 28/35 mp.
You feel much better. The Orb Guardian hits you!!
* * * LOW HITPOINT WARNING * * *
The ancient lich misses you.
You regained 4 hp, and now have 34/247 hp.
You feel much better.
The black draconian knight hits you with a +2 great sword!
* * * LOW HITPOINT WARNING * * *
The Orb Guardian hits you!!
You die...

▓#...............# **,,,,,,,,,,
▓##.............##▓▓##..,,,,,,,,,
▓▓#.............#▓▓##....,,,,,,,,
▓▓##...........##▓▓#..........,,,
▓▓▓#...........#▓▓▓#..........^.,
▓▓##..........^##▓▓#...........),
▓▓#.............#▓▓#.....}......,
▓##.............##▓#......^.....,
##..............@###......^.....,
#...###########qXL###........(%.,
...#############....##.....q..^.,
.#################))............,
▓#################▓▓▓▓▓▓▓▓▓▓▓##.,
▓#################▓▓▓▓..{......{,
▓#################▓.............,
..###############.....{.........,
...#▓▓▓▓▓▓▓▓▓▓▓#......)........^,


You could see a black draconian knight (invisible), an ancient lich and an Orb
Guardian.

Vanquished Creatures
  5 ancient liches
  2 orbs of fire
  Mennas (Depths:3)
  Mara (D:15)
  Sojobo (Vaults:2)
  A juggernaut (Depths:5)
  Boris (Depths:5)
  Bai Suzhen (Spider:3)
  Frederick (Depths:5)
  3 Killer Klowns
  Nikola (Swamp:4)
  A golden dragon (shapeshifter) (Depths:3)
  7 golden dragons
  A hellephant (Zot:1)
  An electric golem (Zot:1)
  24 tentacled monstrosities
  5 quicksilver dragons
  8 Orb Guardians (Zot:5)
  6 titans
  10 death cobs
  9 sphinxes
  An ancient champion (Vaults:3)
  13 shadow dragons
  Kirke (Spider:3)
  Agnes (Spider:3)
  7 storm dragons
  7 tengu reavers
  3 draconian monks
  Roxanne (Spider:4)
  3 thorn hunters
  The ghost of Isonade the Draconian Aeon, an adept DrTm of Cheibriados (D:15)
  2 draconian knights
  A frost giant (shapeshifter) (Depths:3)
  An iron dragon (Depths:4)
  A ghost moth (shapeshifter) (Depths:3)
  6 fire giants
  The ghost of kazak the Devastator, an adept OpFE of Sif Muna (Swamp:1)
  9 frost giants
  A balrug (Depths:5)
  3 emperor scorpions (Spider:4)
  10 ghost moths
  10 draconian scorchers
  11 ironheart preservers
  9 draconian annihilators
  2 deep elf elementalists (Vaults:5)
  15 vault wardens
  4 draconian shifters
  8 war gargoyles
  40 very ugly things
  20 stone giants
  3 draconian stormcallers
  4 reapers (Hell)
  A vampire knight (Depths:2)
  3 deep elf demonologists
  9 black draconians
  3 dire elephants
  5 red draconians
  12 green draconians
  A deep elf annihilator (Vaults:5)
  5 spark wasps
  8 white draconians
  A minotaur (shapeshifter) (Depths:3)
  7 yellow draconians
  A blizzard demon (Depths:3)
  3 purple draconians
  13 ettins
  A deep elf death mage (Vaults:3)
  8 crystal guardians (Depths:3)
  17 yaktaur captains
  11 fire dragons
  10 great orbs of eyes
  23 ogre magi
  Harold (D:9)
  3 deep elf high priests (Vaults:5)
  5 rakshasas
  12 ice dragons
  29 vault guards
  5 spriggan air magi
  Erica (D:8)
  24 hydras
  An anaconda (shapeshifter) (Depths:4)
  An alligator (shapeshifter) (Depths:3)
  4 shambling mangroves
  3 death knights
  43 two-headed ogres
  13 deep troll earth magi
  14 centaur warriors
  12 dancing weapons (Depths:3)
  8 tengu warriors
  26 alligators
  10 deep troll shamans
  2 death yaks (Lair:4)
  2 spriggan berserkers
  A vampire mage (Depths:2)
  2 orc high priests (Orc:2)
  4 deep elf knights
  3 shadow wraiths
  3 sun demons
  11 skeletal warriors
  6 iron trolls
  3 flayed ghosts
  A small abomination (Vaults:5)
  A torturous demonspawn (Depths:1)
  A glowing orange brain (shapeshifter) (Depths:3)
  A storm dragon skeleton (Hell)
  4 obsidian statues (Depths:3)
  30 deep trolls
  6 phantasmal warriors
  2 deep trolls (shapeshifter) (Depths:2)
  4 wizards
  3 deep elf archers
  7 glowing orange brains
  10 swamp dragons
  A swamp dragon (shapeshifter) (Vaults:1)
  10 deep elf magi
  16 orb spiders
  11 ironbrand convokers
  2 lindwurms
  2 harpies (Vaults:1)
  A fire giant zombie (Depths:1)
  A mana viper (shapeshifter) (Depths:1)
  20 wolf spiders
  A necromancer (Depths:1)
  49 ugly things
  7 orc knights
  A manticore (shapeshifter) (Depths:3)
  A manticore (D:13)
  6 cyclopes
  7 orc sorcerers
  A moth of wrath (shapeshifter) (Vaults:3)
  10 elephants
  32 moths of wrath
  A salamander (shapeshifter) (Depths:3)
  A centaur zombie (D:9)
  4 rust devils
  A black mamba (shapeshifter) (Vaults:1)
  16 vault sentinels
  An iron dragon skeleton (Depths:1)
  A water nymph (shapeshifter) (Vaults:5)
  A smoke demon (Depths:1)
  5 gargoyles
  5 black mambas
  13 spiny frogs
  5 molten gargoyles
  4 demonic crawlers
  A spiny frog (shapeshifter) (Depths:2)
  An efreet (D:14)
  3 rime drakes
  20 freezing wraiths
  42 yaktaurs
  8 komodo dragons
  4 kobold demonologists
  A tormentor (Depths:1)
  A red devil (Hell)
  3 tengu conjurers
  8 trolls
  2 polar bears
  An ice devil (Hell)
  A merfolk (shapeshifter) (Vaults:5)
  24 hornets
  A queen bee (D:14)
  A wind drake (shapeshifter) (Vaults:1)
  20 jumping spiders
  7 meliai
  2 meliai (shapeshifter)
  A troll (shapeshifter) (Vaults:1)
  A wind drake (Depths:3)
  2 hippogriffs (shapeshifter) (Depths:3)
  7 tyrant leeches
  A tyrant leech (shapeshifter) (Depths:1)
  62 slime creatures
  A blink frog (shapeshifter) (Vaults:4)
  9 bog bodies
  A slime creature (shapeshifter) (Vaults:5)
  A harpy skeleton (Hell)
  3 raiju (shapeshifter)
  9 dream sheep
  3 hippogriffs
  28 blink frogs
  A deep troll zombie (Depths:1)
  A fire giant simulacrum (Vaults:2)
  4 shadows
  16 tarantellas
  6 water elementals (Depths:3)
  4 air elementals (Depths:3)
  5 wyverns
  7 spriggans
  A human (shapeshifter) (Lair:3)
  34 redbacks
  A fire dragon skeleton (Depths:1)
  A hog (Spider:3)
  7 wraiths
  51 yaks
  9 humans
  2 fire bats (shapeshifter)
  5 basilisks
  A fire elemental (Depths:3)
  A chaos spawn (Depths:1)
  A neqoxec (Depths:1)
  A yaktaur simulacrum (Vaults:1)
  Grum (D:8)
  A swamp worm (shapeshifter) (Depths:3)
  A steam dragon (Lair:5)
  A hungry ghost (D:13)
  27 vampire mosquitoes
  4 insubstantial wisps (Depths:3)
  5 wargs
  3 acid dragons
  2 soldier ants (shapeshifter)
  A hydra simulacrum (IceCv)
  A soldier ant (D:13)
  15 swamp worms
  9 hell hounds
  20 water moccasins
  A floating eye (shapeshifter) (Vaults:5)
  3 floating eyes
  5 porcupines
  32 orc warriors
  2 sky beasts
  8 swamp drakes
  A swamp drake (shapeshifter) (Depths:4)
  4 phantoms
  An eye of draining (D:10)
  A necrophage (D:13)
  5 ice beasts
  30 ogres
  2 boggarts
  13 centaurs
  22 wolves
  An orc skeleton (Vaults:2)
  A centaur (shapeshifter) (D:15)
  4 big kobolds
  14 crocodiles
  17 bullfrogs
  A glowing shapeshifter simulacrum (Vaults:1)
  2 gnoll sergeants
  11 earth elementals
  A water moccasin zombie (Ossuary)
  6 scorpions
  An elf simulacrum (Vaults:2)
  17 killer bees
  A manticore simulacrum (Hell)
  6 electric eels
  24 wights
  A howler monkey (D:5)
  3 crimson imps
  5 lava snakes (Lair:6)
  2 bullfrog zombies
  A draconian simulacrum (IceCv)
  8 hounds
  4 jellies
  5 quasits
  A bullfrog skeleton (D:5)
  5 centaur skeletons
  28 orc priests
  4 iron imps
  6 iguanas
  Ijyb (D:5)
  36 orc wizards
  5 worker ants
  7 hell rats (Hell)
  A troll simulacrum (IceCv)
  2 big kobold zombies (Ossuary)
  2 mummies (Ossuary)
  3 worker ant zombies
  Robin (D:2)
  9 gnolls
  11 adders
  A naga simulacrum (IceCv)
  7 shadow imps
  A white imp (IceCv)
  An adder skeleton (D:9)
  7 adder zombies
  A worm (D:3)
  4 ball lightnings (Depths:3)
  2 dart slugs
  3 leopard geckos
  107 orcs
  5 bats
  4 giant cockroaches
  4 gnoll zombies (Ossuary)
  9 hobgoblins
  10 jackals
  23 kobolds
  6 quokkas
  A ball python (D:1)
  5 frilled lizards
  7 goblins
  9 hobgoblin zombies (Ossuary)
  4 kobold zombies (Ossuary)
  3 leopard gecko skeletons
  8 orc zombies (Ossuary)
  2 rats (D:2)
  78 briar patches
  A bush (Lair:5)
  9 crawling corpses (Vaults:5)
  2 fungi (Lair:5)
  6 plants (Lair:5)
  A spectral weapon (Spider:2)
2239 creatures vanquished.

Vanquished Creatures (collateral kills)
  A vault guard (D:14)
  2 catoblepae
  5 hydras
  2 death yaks (Lair:4)
  A wolf spider (Lair:2)
  An oklob plant (Lair:5)
  3 spiny frogs
  A komodo dragon (Lair:4)
  A troll (D:10)
  2 hippogriffs (Lair:1)
  2 hornets (D:10)
  9 blink frogs
  5 dream sheep (Lair:2)
  7 yaks
  A basilisk (Lair:2)
  2 orc warriors
  3 wolves (Lair:3)
  2 crocodiles
  4 killer bees (D:9)
  2 wights
  A crimson imp (D:9)
  A hound (D:10)
  A bullfrog zombie (D:9)
  Crazy Yiuf (D:2)
  2 orc wizards
  Jessica (D:2)
  2 gnolls
  2 leopard geckos
  2 orcs
  3 goblins (D:2)
  A hobgoblin (D:2)
  A jackal (D:3)
  A bat (D:3)
  A rat (D:1)
76 creatures vanquished.

Vanquished Creatures (others)
  A tentacled monstrosity (Zot:2)
  2 draconian knights (Zot:1)
  A green draconian (Zot:5)
  A red draconian (Zot:1)
  A necromancer (Vaults:2)
  An orb spider (Spider:3)
  A frost giant zombie (Vaults:2)
  2 moths of wrath
  A human zombie (Vaults:2)
  A redback (Spider:4)
  A human (Spider:3)
  2 swamp drakes (Swamp:4)
  An ogre (Depths:2)
  A wolf (D:8)
  An orc wizard (Orc:2)
  An iguana (D:5)
  An ufetubus (IceCv)
  6 ball lightnings (Depths:3)
  A briar patch (Swamp:1)
  A bush (Lair:4)
  17 fungi
  12 plants
  6 toadstools (Lair:3)
63 creatures vanquished.

Grand Total: 2378 creatures vanquished

Notes
Turn   | Place    | Note
-------+----------+-------------------------------------------
     0 | D:1      | Laraso the Draconian Summoner began the quest for the Orb.
     0 | D:1      | Reached XP level 1. HP: 14/14 MP: 3/3
    30 | D:1      | Reached skill level 1 in Fighting
   261 | D:1      | Reached XP level 2. HP: 18/24 MP: 5/5
   389 | D:1      | Reached skill level 2 in Fighting
   404 | D:1      | HP: 7/24 [gnoll/+0 whip (8)]
   409 | D:1      | HP: 6/25 [jackal (1)]
   416 | D:1      | HP: 6/25 [jackal (1)]
   821 | D:1      | You fall into a shaft and drop 1 floor!
   831 | D:2      | Noticed Jessica
   837 | D:2      | Killed Jessica
   837 | D:2      | Reached skill level 3 in Fighting
   837 | D:2      | Reached XP level 3. HP: 22/31 MP: 2/6
  1046 | D:2      | Found a runed translucent door.
  1096 | D:2      | Learned a level 2 spell: Call Imp
  1100 | D:2      | Learned a level 3 spell: Call Canine Familiar
  1225 | D:2      | Noticed Robin
  1256 | D:2      | Killed Robin
  1275 | D:2      | Reached skill level 4 in Fighting
  1380 | D:2      | Gained mutation: Your magical capacity is low. (-10% MP)
                  | [potion of mutation]
  1380 | D:2      | Gained mutation: Your body sometimes deteriorates upon
                  | taking damage. [potion of mutation]
  1380 | D:2      | Gained mutation: Your mind is acute. (Int +2) [potion of
                  | mutation]
  1380 | D:2      | Gained mutation: Your large and strong wings let you fly
                  | indefinitely. [potion of mutation]
  1543 | D:2      | Reached XP level 4. HP: 37/40 MP: 6/6
  1920 | D:2      | Noticed Crazy Yiuf
  1972 | D:2      | Killed Crazy Yiuf
  2300 | D:3      | Reached skill level 5 in Fighting
  2341 | D:3      | Reached XP level 5. HP: 38/48 MP: 4/7
  2406 | D:3      | Found an opulent altar of Gozag.
  2483 | D:3      | Reached skill level 3 in Spellcasting
  2579 | D:3      | Reached XP level 6. HP: 41/56 MP: 10/10
  2691 | D:3      | Found a glowing golden altar of the Shining One.
  2768 | D:4      | Reached skill level 4 in Spellcasting
  3071 | D:4      | Found a staircase to the Ecumenical Temple.
  3084 | Temple   | Entered the Ecumenical Temple
  3306 | Temple   | Became a worshipper of Ashenzari the Shackled
  3369 | D:4      | Reached skill level 5 in Spellcasting
  3381 | D:4      | Found the +7 Singing Sword {slice, sonic wave}
  3718 | D:5      | Entered Level 5 of the Dungeon
  3924 | D:5      | Your scales start taking on a dull iron-grey colour.
  3924 | D:5      | Reached XP level 7. HP: 61/61 MP: 13/13
  3924 | D:5      | Gained mutation: You can survive without breathing. [Grey
                  | Draconian growth]
  3925 | D:5      | Reached * piety under Ashenzari
  4121 | D:5      | Learned a level 3 spell: Summon Guardian Golem
  4126 | D:5      | Learned a level 4 spell: Summon Ice Beast
  4131 | D:5      | Learned a level 4 spell: Summon Lightning Spire
  4287 | D:5      | Reached skill level 6 in Spellcasting
  4339 | D:5      | Noticed Ijyb
  4346 | D:5      | Killed Ijyb
  4380 | D:5      | Found Dytog's Antique Armour Shop.
  4384 | D:5      | Bought a pair of gloves for 117 gold pieces
  5050 | D:6      | Reached skill level 5 in Summonings
  5408 | D:6      | Reached skill level 6 in Summonings
  5412 | D:6      | Reached XP level 8. HP: 58/68 MP: 15/15
  5836 | D:6      | Reached ** piety under Ashenzari
  6010 | D:7      | Found Upnioczu's Jewellery Emporium.
  6136 | D:7      | Found a stormy altar of Qazlal.
  6174 | D:7      | Found an iron altar of Okawaru.
  6179 | D:7      | Reached skill level 7 in Summonings
  6302 | D:7      | Found a sand-covered staircase.
  6307 | Ossuary  | Entered an ossuary
  6917 | D:8      | Noticed Erica
  6926 | D:8      | Killed Erica
  6926 | D:8      | Reached skill level 9 in Summonings
  6926 | D:8      | Reached XP level 9. HP: 74/74 MP: 12/16
  7010 | D:8      | Reached skill level 10 in Summonings
  7013 | D:8      | Noticed Grum
  7230 | D:7      | Reached skill level 1 in Hexes
  7230 | D:7      | Reached skill level 1 in Ice Magic
  7296 | D:8      | Killed Grum
  7296 | D:8      | Reached skill level 1 in Air Magic
  7331 | D:8      | Reached skill level 2 in Ice Magic
  7526 | D:8      | Noticed a two-headed ogre
  7533 | D:8      | HP: 26/74 [two-headed ogre/+0 dire flail (10)]
  7542 | D:8      | HP: 27/111 [something (8)]
  7544 | D:8      | Killed a two-headed ogre
  7544 | D:8      | Reached skill level 3 in Hexes
  7544 | D:8      | Reached skill level 3 in Ice Magic
  7544 | D:8      | Reached skill level 2 in Air Magic
  7832 | D:8      | Reached skill level 3 in Air Magic
  8153 | D:8      | Reached skill level 4 in Ice Magic
  8223 | D:8      | Noticed a two-headed ogre
  8485 | D:8      | Killed a two-headed ogre
  8485 | D:8      | Reached skill level 4 in Air Magic
  8485 | D:8      | Reached XP level 10. HP: 65/81 MP: 11/17
  8734 | D:9      | Noticed an orange crystal statue
  8767 | D:9      | Reached skill level 2 in Dodging
  8854 | D:9      | Found a staircase to the Lair.
  8876 | D:8      | Reached skill level 3 in Dodging
  9404 | D:9      | Reached skill level 4 in Dodging
  9841 | D:9      | Reached skill level 5 in Dodging
 10082 | D:9      | Reached *** piety under Ashenzari
 10182 | D:9      | Reached skill level 6 in Dodging
 10237 | D:9      | Noticed Harold
 10248 | D:9      | Killed Harold
 10578 | D:10     | Entered Level 10 of the Dungeon
 10596 | D:10     | HP: 21/81 [troll (15)]
 10624 | D:10     | Reached skill level 7 in Dodging
 10931 | D:10     | Noticed a gargoyle
 11172 | D:10     | Found Lety's Changing Room.
 11181 | D:10     | Bought a potion of mutation for 136 gold pieces
 11181 | D:10     | Bought a potion of mutation for 136 gold pieces
 11181 | D:10     | Lost mutation: Your large and strong wings let you fly
                  | indefinitely. [potion of mutation]
 11181 | D:10     | Lost mutation: Your mind is acute. (Int +2) [potion of
                  | mutation]
 11181 | D:10     | Gained mutation: Your muscles are strong. (Str +2) [potion
                  | of mutation]
 11181 | D:10     | Gained mutation: You have supernaturally acute eyesight.
                  | (SInv) [potion of mutation]
 11181 | D:10     | Gained mutation: Your body often deteriorates upon taking
                  | damage. [potion of mutation]
 11181 | D:10     | Gained mutation: You are agile. (Dex +2) [potion of
                  | mutation]
 11182 | D:10     | Lost mutation: You are agile. (Dex +2) [potion of mutation]
 11182 | D:10     | Lost mutation: Your magical capacity is low. (-10% MP)
                  | [potion of mutation]
 11182 | D:10     | Lost mutation: Your body often deteriorates upon taking
                  | damage. [potion of mutation]
 11182 | D:10     | Gained mutation: You tend to lose your temper in combat.
                  | [potion of mutation]
 11182 | D:10     | Gained mutation: You expend magic power (3 MP) to
                  | strengthen your wands. [potion of mutation]
 11182 | D:10     | Lost mutation: You tend to lose your temper in combat.
                  | [potion of mutation]
 11182 | D:10     | Gained mutation: You are robust. (+10% HP) [potion of
                  | mutation]
 11448 | D:10     | Killed a gargoyle
 11682 | D:10     | Reached skill level 8 in Dodging
 11689 | D:10     | HP: 29/89 [hornet (11)]
 11694 | D:10     | HP: 21/89 [poisoned by a hornet]
 11701 | D:10     | HP: 20/89 [poisoned by a hornet]
 11708 | D:10     | HP: 19/89 [poisoned by a hornet]
 11716 | D:10     | HP: 19/89 [poisoned by a hornet]
 12040 | D:10     | Found a shattered altar of Ashenzari.
 12045 | D:10     | Saw a vision of the Swamp and the Spider Nest.
 12045 | D:10     | Noticed a wolf spider
 12045 | D:10     | Noticed an alligator
 12045 | D:10     | Noticed an alligator
 12465 | D:10     | Reached XP level 11. HP: 63/94 MP: 20/20
 12925 | D:11     | HP: 34/94 [meliai (8)]
 12930 | D:11     | Reached skill level 9 in Dodging
 12930 | D:11     | HP: 22/94 [poisoned by a meliai]
 12935 | D:11     | HP: 20/94 [poisoned by a meliai]
 12940 | D:10     | HP: 19/94 [poisoned by a meliai]
 12948 | D:10     | HP: 19/94 [poisoned by a meliai]
 13417 | D:11     | Found a roughly hewn altar of Beogh.
 13417 | D:11     | Found a staircase to the Orcish Mines.
 13773 | Lair:1   | Entered Level 1 of the Lair of Beasts
 13955 | Lair:1   | Reached skill level 10 in Dodging
 14186 | Lair:1   | Noticed a seven-headed hydra
 14195 | Lair:1   | Killed a seven-headed hydra
 14195 | Lair:1   | Reached skill level 1 in Staves
 14199 | Lair:1   | Reached skill level 2 in Staves
 14910 | Lair:1   | Reached skill level 11 in Dodging
 15001 | Lair:2   | Found a hole to the Spider Nest.
 15001 | Lair:2   | Noticed a wolf spider
 15020 | Lair:2   | Killed a wolf spider
 15466 | Lair:2   | Noticed a catoblepas
 15496 | Lair:2   | Killed a catoblepas
 15496 | Lair:2   | Reached skill level 12 in Dodging
 15496 | Lair:2   | Reached XP level 12. HP: 57/103 MP: 15/21
 15925 | Lair:2   | Noticed Sonja
 15926 | Lair:2   | Noticed Sonja
 15926 | Lair:2   | Sonja changed into Sonja the ice beast
 15930 | Lair:2   | Killed Sonja the ice beast
 15960 | Lair:2   | Reached **** piety under Ashenzari
 16546 | Lair:3   | Reached skill level 1 in Long Blades
 16580 | Lair:3   | Reached skill level 2 in Long Blades
 16666 | Lair:3   | Reached skill level 3 in Long Blades
 16838 | Lair:3   | Reached skill level 4 in Long Blades
 17001 | Lair:3   | Noticed a four-headed hydra
 17001 | Lair:3   | Noticed a six-headed hydra
 17011 | Lair:3   | Killed a six-headed hydra
 17012 | Lair:3   | Killed a four-headed hydra
 17012 | Lair:3   | Reached skill level 5 in Long Blades
 17179 | Lair:3   | Found a runed translucent door.
 17199 | Lair:3   | Noticed a dire elephant
 17199 | Lair:3   | Noticed a catoblepas
 17525 | Lair:3   | Reached skill level 6 in Long Blades
 17570 | Lair:3   | Killed a dire elephant
 17733 | Lair:3   | Killed a catoblepas
 17733 | Lair:3   | Reached skill level 7 in Long Blades
 18138 | Lair:4   | Reached skill level 8 in Long Blades
 18372 | Lair:4   | Learned a level 3 spell: Mephitic Cloud
 18471 | Lair:4   | Reached skill level 1 in Conjurations
 18471 | Lair:4   | Reached skill level 1 in Poison Magic
 18478 | Lair:4   | Reached XP level 13. HP: 94/110 MP: 22/22
 18699 | Lair:4   | Reached skill level 2 in Conjurations
 18699 | Lair:4   | Reached skill level 2 in Poison Magic
 18730 | Lair:4   | HP: 39/110 [death yak (15)]
 19143 | Lair:4   | Reached skill level 3 in Conjurations
 19143 | Lair:4   | Reached skill level 3 in Poison Magic
 19223 | Lair:4   | Reached ***** piety under Ashenzari
 19329 | Lair:4   | Found a staircase to the Swamp.
 19570 | Lair:5   | Reached skill level 4 in Conjurations
 19571 | Lair:5   | Reached skill level 4 in Poison Magic
 19721 | Lair:5   | Reached skill level 9 in Long Blades
 20410 | Lair:5   | Reached skill level 10 in Long Blades
 20869 | Lair:5   | Reached skill level 11 in Long Blades
 21028 | Lair:5   | Found a viscous altar of Jiyva.
 21028 | Lair:5   | Found a staircase to the Slime Pits.
 21443 | Lair:6   | Entered Level 6 of the Lair of Beasts
 21529 | Lair:6   | HP: 42/110 [nine-headed hydra (17)]
 21887 | Lair:6   | Reached skill level 12 in Long Blades
 22503 | Lair:6   | Noticed a fire dragon
 22512 | Lair:6   | Reached XP level 14. HP: 81/118 MP: 21/23
 22514 | Lair:6   | Reached skill level 6 in Fighting
 22760 | Lair:6   | Found a large runed translucent door.
 22761 | Lair:6   | Found a large runed translucent door.
 23158 | Lair:6   | Reached skill level 7 in Fighting
 23770 | D:11     | Found an ornate altar of the Wu Jian Council.
 24073 | D:11     | Reached skill level 8 in Fighting
 24279 | D:12     | Identified the +5 war axe "Wikkoet" {flame, Dex+3}
 24699 | D:12     | Reached skill level 9 in Fighting
 25116 | Orc:1    | Entered Level 1 of the Orcish Mines
 25137 | Orc:1    | Reached skill level 10 in Fighting
 25139 | Orc:1    | Reached skill level 2 in Stealth
 25197 | Orc:2    | Entered Level 2 of the Orcish Mines
 25236 | Orc:2    | Reached skill level 3 in Stealth
 25286 | Orc:2    | Reached skill level 7 in Spellcasting
 25331 | Orc:2    | Found Qial's Jewellery Boutique.
 25331 | Orc:2    | Found Asimap's Book Boutique.
 25334 | Orc:2    | Found Pogynees's Assorted Antiques.
 25334 | Orc:2    | Found Pozuv's Assorted Antiques.
 25408 | Orc:2    | Bought the amulet of Limitation {Regen+ Str+4 Int+4} for
                  | 591 gold pieces
 25458 | Orc:2    | Found a bloodstained altar of Trog.
 25656 | Orc:2    | Found a staircase to the Elven Halls.
 26436 | D:12     | Reached skill level 8 in Spellcasting
 26854 | D:13     | Reached ****** piety under Ashenzari
 27199 | D:13     | Reached skill level 11 in Fighting
 27308 | D:13     | Found a hazy altar of Hepliaklqana.
 27310 | D:13     | Found a bloodstained altar of Trog.
 28077 | D:14     | Reached XP level 15. HP: 145/145 MP: 27/27
 28173 | D:14     | Found Goczur's Gadget Shop.
 28191 | D:14     | Reached skill level 4 in Stealth
 28245 | D:14     | Reached skill level 12 in Fighting
 28604 | D:14     | Found a gate to the Vaults.
 28613 | D:14     | Reached skill level 5 in Stealth
 29344 | D:15     | Entered Level 15 of the Dungeon
 29752 | D:15     | Reached skill level 13 in Fighting
 29955 | D:15     | Reached skill level 6 in Stealth
 29976 | D:15     | Found a staircase to the Depths.
 30197 | D:15     | Found a runed translucent gate.
 30197 | D:15     | Found a runed translucent gate.
 30198 | D:15     | Found a runed translucent gate.
 30199 | D:15     | Noticed Isonade's ghost (adept DrTm)
 30492 | D:15     | Killed Isonade's ghost
 30727 | Spider:1 | Entered Level 1 of the Spider Nest
 30736 | Spider:1 | Noticed a ghost moth
 30742 | Spider:1 | Killed a ghost moth
 30946 | Orc:2    | Bought a book of Battle for 520 gold pieces
 30949 | Orc:2    | Learned a level 2 spell: Song of Slaying
 30953 | Orc:2    | Learned a level 3 spell: Spectral Weapon
 30957 | Orc:2    | Learned a level 3 spell: Regeneration
 31462 | Spider:1 | Reached skill level 14 in Fighting
 31484 | Spider:1 | Reached skill level 7 in Stealth
 32116 | Spider:1 | Reached skill level 1 in Necromancy
 32186 | Spider:2 | Reached skill level 1 in Charms
 32190 | Spider:2 | Noticed a ghost moth
 32195 | Spider:2 | Killed a ghost moth
 32203 | Spider:2 | Reached skill level 2 in Necromancy
 32253 | Spider:2 | Reached skill level 2 in Charms
 32364 | Spider:2 | Learned a level 1 spell: Infusion
 32695 | Spider:3 | Noticed Kirke
 32703 | Spider:3 | Killed Kirke
 32703 | Spider:3 | Reached skill level 3 in Necromancy
 32707 | Spider:3 | Reached skill level 3 in Charms
 32708 | Spider:3 | Noticed Agnes
 32717 | Spider:3 | Killed Agnes
 32717 | Spider:3 | Reached XP level 16. HP: 147/160 MP: 14/28
 32721 | Spider:3 | Reached skill level 4 in Necromancy
 32725 | Spider:3 | Noticed Bai Suzhen
 32824 | Spider:3 | Reached skill level 4 in Charms
 32835 | Spider:3 | Killed Bai Suzhen
 32835 | Spider:3 | Reached skill level 8 in Stealth
 32848 | Spider:3 | Reached skill level 5 in Charms
 33216 | Spider:4 | Entered Level 4 of the Spider Nest
 33216 | Spider:4 | Noticed Roxanne
 33392 | Spider:4 | Reached skill level 6 in Charms
 33401 | Spider:4 | HP: 42/160 [disintegration (31)]
 33761 | Spider:4 | Reached skill level 13 in Dodging
 33930 | Spider:4 | Killed Roxanne
 34467 | Spider:4 | Reached skill level 14 in Dodging
 34468 | Spider:4 | Paralysed by a hornet for 1 turns
 34513 | Spider:4 | Got a gossamer rune of Zot
 34954 | Swamp:1  | Entered Level 1 of the Swamp
 35064 | Swamp:1  | Learned a level 3 spell: Ozocubu's Armour
 35187 | Swamp:1  | Noticed a thorn hunter
 35206 | Swamp:1  | Killed a thorn hunter
 35207 | Swamp:1  | Reached skill level 15 in Dodging
 35363 | Swamp:1  | Found a runed translucent gate.
 35363 | Swamp:1  | Found a runed translucent gate.
 35363 | Swamp:1  | Found a runed translucent gate.
 35364 | Swamp:1  | Noticed kazak's ghost (adept OpFE)
 35587 | Swamp:1  | Killed kazak's ghost
 35587 | Swamp:1  | Reached XP level 17. HP: 164/167 MP: 19/29
 36243 | Swamp:3  | Reached skill level 16 in Dodging
 36257 | Swamp:3  | Found a frozen archway.
 36276 | IceCv    | Entered an ice cave
 36355 | IceCv    | HP: 33/167 [iron troll simulacrum (46)]
 36399 | Swamp:3  | HP: 60/167 [eight-headed hydra (16)]
 37643 | Orc:2    | Bought the Grimoire of Weightlessness and Talismans for
                  | 1105 gold pieces
 37650 | Orc:2    | Learned a level 6 spell: Deflect Missiles
 37958 | Swamp:4  | Entered Level 4 of the Swamp
 37958 | Swamp:4  | Noticed a tentacled monstrosity
 37967 | Swamp:4  | Killed a tentacled monstrosity
 37967 | Swamp:4  | Reached skill level 17 in Dodging
 37967 | Swamp:4  | Identified the +0 pair of gloves "Zyfabloe" {MP+9}
 37967 | Swamp:4  | Noticed Nikola
 37985 | Swamp:4  | Killed Nikola
 37985 | Swamp:4  | Reached skill level 7 in Charms
 38173 | Swamp:4  | Reached skill level 8 in Charms
 38346 | Swamp:4  | Reached XP level 18. HP: 168/176 MP: 30/30
 38572 | Swamp:4  | Got a decaying rune of Zot
 38617 | Swamp:4  | Reduced skill Summonings to level 9
 38617 | Swamp:4  | Reached skill level 1 in Evocations
 38618 | Swamp:4  | Reached skill level 9 in Charms
 38625 | Swamp:4  | Reached skill level 2 in Evocations
 38625 | Swamp:4  | HP: 60/176 [shambling mangrove (12)]
 38627 | Swamp:4  | Reached skill level 3 in Evocations
 39237 | Vaults:1 | Entered Level 1 of the Vaults
 39297 | Vaults:1 | Reduced skill Summonings to level 8
 39297 | Vaults:1 | Reached skill level 4 in Evocations
 39305 | Vaults:1 | Reached skill level 5 in Evocations
 39874 | Vaults:1 | Reduced skill Summonings to level 7
 39877 | Vaults:1 | Reached skill level 6 in Evocations
 39877 | Vaults:1 | Reached skill level 9 in Spellcasting
 40052 | Vaults:1 | Reached skill level 10 in Spellcasting
 40064 | Vaults:1 | Reached skill level 11 in Spellcasting
 40294 | Vaults:1 | Identified the +0 pair of gloves of Summer {Dex+3}
 40558 | Vaults:1 | Reached skill level 12 in Spellcasting
 40639 | Vaults:1 | Learned a level 6 spell: Statue Form
 40754 | Vaults:1 | Reached skill level 1 in Earth Magic
 40773 | Vaults:1 | Reached skill level 1 in Transmutations
 40825 | Vaults:1 | Reached skill level 2 in Earth Magic
 40835 | Vaults:1 | Reached skill level 2 in Transmutations
 40844 | Vaults:1 | Reached skill level 3 in Earth Magic
 41335 | Vaults:2 | Reached skill level 3 in Transmutations
 41341 | Vaults:2 | Reached skill level 4 in Earth Magic
 41346 | Vaults:2 | Reached XP level 19. HP: 181/183 MP: 35/35
 41446 | Vaults:2 | Reached skill level 4 in Transmutations
 41447 | Vaults:2 | Reached skill level 5 in Earth Magic
 41468 | Vaults:2 | HP: 70/183 [flayed ghost/flay_damage (27)]
 41473 | Vaults:2 | HP: 37/183 [flayed ghost/flay_damage (20)]
 41494 | Vaults:2 | Identified a +1 pair of boots of running
 41502 | Vaults:2 | Found Ivis's Antique Armour Boutique.
 41586 | Vaults:2 | Reached skill level 6 in Earth Magic
 41597 | Vaults:2 | Reached skill level 5 in Transmutations
 41608 | Vaults:2 | Reached skill level 7 in Earth Magic
 41649 | Vaults:2 | Reached skill level 8 in Earth Magic
 41893 | Vaults:2 | Reached skill level 9 in Earth Magic
 41982 | Vaults:2 | Noticed Sojobo
 41994 | Vaults:2 | Killed Sojobo
 41994 | Vaults:2 | Reached skill level 5 in Necromancy
 42005 | Vaults:2 | Reached skill level 6 in Necromancy
 42157 | Vaults:2 | Reached skill level 7 in Necromancy
 42241 | Vaults:2 | HP: 58/183 [flayed ghost/flay_damage[a death knight] (25)]
 42369 | Vaults:2 | Reduced skill Summonings to level 6
 42381 | Vaults:2 | Reached skill level 7 in Evocations
 42471 | Vaults:2 | Reduced skill Summonings to level 5
 42724 | Vaults:3 | Reached skill level 8 in Necromancy
 42751 | Vaults:3 | Reduced skill Summonings to level 4
 42751 | Vaults:3 | Reached skill level 8 in Evocations
 42822 | Vaults:3 | Reduced skill Summonings to level 3
 42861 | Vaults:3 | Reached skill level 9 in Necromancy
 43004 | Vaults:3 | Learned a level 8 spell: Death's Door
 43013 | Vaults:3 | Learned a level 8 spell: Borgnjor's Revivification
 43267 | Vaults:3 | Found a staircase to the Crypt.
 43275 | Vaults:3 | Reached skill level 10 in Necromancy
 43534 | Vaults:3 | Identified the +6 hand axe of Reapportionment {freeze,
                  | rElec rF- Int-4 Stlth+}
 43683 | Vaults:3 | Reached skill level 11 in Necromancy
 43683 | Vaults:3 | Reached XP level 20. HP: 191/191 MP: 31/36
 44055 | Vaults:4 | Reduced skill Summonings to level 2
 44055 | Vaults:4 | Reached skill level 9 in Evocations
 44067 | Vaults:4 | Reduced skill Summonings to level 1
 44068 | Vaults:4 | Reduced skill Summonings to level 0
 44092 | Vaults:4 | Found Riofe's Armour Emporium.
 44100 | Vaults:4 | Bought the +1 pair of gloves of Polytheism {Str+4 Slay+2}
                  | for 599 gold pieces
 44235 | Vaults:4 | Reached skill level 12 in Necromancy
 44548 | Vaults:4 | Reached skill level 13 in Necromancy
 45303 | Vaults:5 | Entered Level 5 of the Vaults
 45309 | Vaults:5 | Reached skill level 14 in Necromancy
 45319 | Vaults:5 | HP: 68/191 [deep elf high priest/divine providence (14)]
 45323 | Vaults:5 | Reached skill level 15 in Necromancy
 45343 | Vaults:5 | HP: 50/191 [yaktaur captain/bolt (54)]
 45357 | Vaults:5 | HP: 69/191 [frost giant/+2 battleaxe of freezing (3)]
 45362 | Vaults:5 | HP: 66/191 [deep troll (1)]
 45376 | Vaults:5 | HP: 57/191 [deep elf annihilator/crystal spear (27)]
 45385 | Vaults:5 | HP: 70/191 [deep elf mage/+2 dagger of speed (2)]
 45390 | Vaults:5 | HP: 66/191 [vault warden/+0 long sword (10)]
 45391 | Vaults:5 | Reached skill level 16 in Necromancy
 45391 | Vaults:5 | Reached XP level 21. HP: 69/199 MP: 31/37
 45493 | Vaults:5 | Noticed a golden dragon
 45506 | Vaults:5 | Killed a golden dragon
 45862 | Vaults:5 | Identified the cursed +1 long sword "Qereqy Maxi" {holy,
                  | Dex+2}
 45864 | Vaults:5 | Identified the -5 pair of gloves of the Black Skies {rF++
                  | Str+3 Slay+2}
 45872 | Vaults:5 | Identified the Handbook of Lethal Transmutation
 45898 | Vaults:5 | Identified Syzoryfi's Reference Book on Flying Displacement
 45905 | Vaults:5 | Identified the Handbook of Icy Feathers
 45914 | Vaults:5 | Learned a level 5 spell: Silence
 45917 | Vaults:5 | Learned a level 2 spell: Blink
 46073 | Vaults:5 | Reached skill level 17 in Necromancy
 46229 | Vaults:5 | Identified the cursed +3 great sword of Extinguishment
                  | {speed, *Corrode Str+5 Int+2}
 46650 | Vaults:5 | Reached skill level 10 in Charms
 46840 | Vaults:5 | Identified a scroll of acquirement
 46841 | Vaults:5 | Identified the cursed +2 pair of gloves of Deur {rElec
                  | Int+2} (You acquired it on level 5 of the Vaults)
 46948 | Vaults:5 | Identified the ring "Suigut" {rC+ Int+4}
 46958 | Vaults:5 | Got a silver rune of Zot
 47118 | Vaults:5 | Identified the ring "Soetiso" {rElec rC- MP+9 Str+2 Int+4}
 47512 | Depths:1 | Entered Level 1 of the Depths
 47722 | Depths:1 | Reached skill level 11 in Charms
 47758 | Depths:1 | Found a gateway to Hell.
 47947 | Depths:1 | Gained mutation: You are clumsy. (Dex -2) [a neqoxec]
 47960 | Depths:1 | Found a one-way gate leading to the halls of Pandemonium.
 48062 | Depths:1 | Reached skill level 12 in Charms
 48326 | Depths:1 | Found a one-way gate to the infinite horrors of the Abyss.
 48540 | Depths:2 | Paralysed by a floating eye for 4 turns
 48550 | Depths:2 | Reached XP level 22. HP: 207/207 MP: 32/38
 48573 | Depths:2 | Noticed Mara
 48575 | Depths:2 | Noticed Laraso's illusion
 48743 | Depths:2 | Noticed Laraso's illusion
 48937 | Depths:2 | Identified the cursed +1 quarterstaff "Beetlebane" {drain,
                  | *Noise rN+++ Str+4 Dex+4}
 48953 | Depths:2 | Reached skill level 13 in Charms
 49195 | Depths:2 | HP: 77/269 [fire dragon/blast of flame (33)]
 49387 | Depths:2 | Reached skill level 18 in Necromancy
 49791 | Depths:2 | Paralysed by a floating eye for 2 turns
 49861 | Depths:2 | Paralysed by a great orb of eyes for 4 turns
 50001 | Depths:2 | Reached skill level 19 in Necromancy
 50195 | Depths:2 | Identified the ring "Komigh" {rC+++ rN+ Int+3 Dex+2}
 50594 | Depths:3 | Reached skill level 15 in Fighting
 50731 | Depths:3 | Noticed a golden dragon
 50731 | Depths:3 | an iron giant changed into a golden dragon
 50735 | Depths:3 | Killed a golden dragon
 50735 | Depths:3 | Reached XP level 23. HP: 220/220 MP: 3/39
 51006 | Depths:3 | Lost mutation: You are robust. (+10% HP) [potion of
                  | mutation]
 51006 | Depths:3 | Lost mutation: Your body sometimes deteriorates upon taking
                  | damage. [potion of mutation]
 51006 | Depths:3 | Gained mutation: You can translocate small distances at
                  | will. [potion of mutation]
 51006 | Depths:3 | Gained mutation: You are very clumsy. (Dex -4) [potion of
                  | mutation]
 51006 | Depths:3 | Gained mutation: You have sharp fingernails. [potion of
                  | mutation]
 51007 | Depths:3 | Lost mutation: You have supernaturally acute eyesight.
                  | (SInv) [potion of mutation]
 51007 | Depths:3 | Lost mutation: You are very clumsy. (Dex -4) [potion of
                  | mutation]
 51007 | Depths:3 | Gained mutation: You have a pair of small horns on your
                  | head. [potion of mutation]
 51007 | Depths:3 | Gained mutation: You have sharp toenails. [potion of
                  | mutation]
 51064 | Depths:3 | Reached skill level 16 in Fighting
 51234 | Depths:3 | Lost mutation: You have sharp toenails. [potion of
                  | mutation]
 51234 | Depths:3 | Lost mutation: You expend magic power (3 MP) to strengthen
                  | your wands. [potion of mutation]
 51234 | Depths:3 | Gained mutation: Your spells are a little easier to cast,
                  | but a little less powerful. [potion of mutation]
 51234 | Depths:3 | Gained mutation: Your large and strong wings let you fly
                  | indefinitely. [potion of mutation]
 51234 | Depths:3 | Gained mutation: You are resistant to hostile enchantments.
                  | (MR+) [potion of mutation]
 51235 | Depths:3 | Lost mutation: You have sharp fingernails. [potion of
                  | mutation]
 51235 | Depths:3 | Lost mutation: Your spells are a little easier to cast, but
                  | a little less powerful. [potion of mutation]
 51235 | Depths:3 | Lost mutation: You are resistant to hostile enchantments.
                  | (MR+) [potion of mutation]
 51235 | Depths:3 | Gained mutation: You evolve. [potion of mutation]
 51452 | Depths:3 | Identified Sif Muna's Catalogue of Ice and the Entourage
 51533 | Depths:3 | Found the +7 pair of quick blades "Gyre" and "Gimble"
                  | {protect}
 51802 | Depths:4 | Noticed Mennas
 51840 | Depths:3 | Killed Mennas
 51840 | Depths:3 | Reached skill level 17 in Fighting
 52253 | Depths:4 | Noticed an ancient lich
 52254 | Depths:4 | Found a gateway to a ziggurat.
 52434 | Depths:4 | Gained mutation: Your mind is acute. (Int +2) [evolution]
 52630 | Depths:4 | Found a runed translucent door.
 52788 | Depths:4 | Reached skill level 18 in Fighting
 53036 | Depths:5 | Entered Level 5 of the Depths
 53046 | Depths:5 | Noticed Frederick
 53058 | Depths:5 | Killed Frederick
 53060 | Depths:5 | Found Zytuedgh's Weapon Emporium.
 53115 | Depths:5 | HP: 52/211 [white very ugly thing (42)]
 53503 | Depths:5 | Found Sulaa's Weapon Emporium.
 53524 | Depths:5 | Reached skill level 19 in Fighting
 53552 | Depths:4 | Found a hide-covered altar of Uskayaw.
 53552 | Depths:4 | Noticed a caustic shrike
 53552 | Depths:4 | Noticed a caustic shrike
 53651 | Depths:5 | Noticed Boris
 53653 | Depths:5 | Noticed a juggernaut
 53666 | Depths:5 | Killed a juggernaut
 53671 | Depths:5 | Killed Boris
 53679 | Depths:5 | Reached skill level 20 in Fighting
 53686 | Depths:5 | Reached XP level 24. HP: 224/224 MP: 27/39
 54074 | Depths:5 | Found Wymnis's Gadget Emporium.
 54075 | Depths:5 | Found Bufaewn's Jewellery Boutique.
 54076 | Depths:5 | Found Fiosch Haboal's Gadget Emporium.
 54281 | Depths:5 | Reached skill level 14 in Charms
 54358 | Depths:5 | Found a gate to the Realm of Zot.
 54367 | Zot:1    | Entered Level 1 of the Realm of Zot
 54516 | Zot:1    | Noticed an orb of fire
 54653 | Depths:4 | Killed an ancient lich
 54653 | Depths:4 | Reached skill level 15 in Charms
 55107 | D:7      | Bought an uncursed ring of protection from fire for 375
                  | gold pieces
 55374 | Depths:1 | Noticed Laraso's illusion
 55422 | D:15     | Noticed Laraso's illusion
 55427 | D:15     | Noticed Laraso's illusion
 55428 | D:15     | Killed Mara
 55710 | Zot:1    | Lost mutation: Your muscles are strong. (Str +2) [an orb of
                  | fire]
 55717 | Zot:1    | Gained mutation: You are very clumsy. (Dex -4) [an orb of
                  | fire]
 55718 | Zot:1    | Killed an orb of fire
 55733 | Zot:1    | Reached skill level 16 in Charms
 55744 | Zot:1    | HP: 88/224 [white draconian/chilling blast (33)]
 55876 | Depths:5 | Lost mutation: You have a pair of small horns on your head.
                  | [potion of mutation]
 55876 | Depths:5 | Lost mutation: You can translocate small distances at will.
                  | [potion of mutation]
 55876 | Depths:5 | Lost mutation: Your mind is acute. (Int +2) [potion of
                  | mutation]
 55876 | Depths:5 | Gained mutation: Your magical capacity is low. (-10% MP)
                  | [potion of mutation]
 55876 | Depths:5 | Lost mutation: You are very clumsy. (Dex -4) [potion of
                  | mutation]
 55877 | Depths:5 | Lost mutation: You are clumsy. (Dex -2) [potion of
                  | mutation]
 55877 | Depths:5 | Lost mutation: Your magical capacity is low. (-10% MP)
                  | [potion of mutation]
 55877 | Depths:5 | Lost mutation: Your large and strong wings let you fly
                  | indefinitely. [potion of mutation]
 55877 | Depths:5 | Gained mutation: You are weak. (Str -2) [potion of
                  | mutation]
 55877 | Depths:5 | Gained mutation: You passively map a small area around you.
                  | [potion of mutation]
 55877 | Depths:5 | Gained mutation: Your mind is acute. (Int +2) [potion of
                  | mutation]
 56146 | D:10     | Bought a potion of mutation for 136 gold pieces
 56486 | Depths:5 | Upgraded the game from 0.24-a0-630-g0d56a85 to
                  | 0.24-a0-631-g346d576
 56556 | Hell     | Entered the Vestibule of Hell
 56556 | Hell     | Noticed Geryon
 56954 | Zot:1    | Reached skill level 13 in Long Blades
 57056 | Zot:1    | Noticed a Killer Klown
 57079 | Zot:1    | Killed a Killer Klown
 57084 | Zot:1    | Noticed a Killer Klown
 57215 | Zot:1    | Killed a Killer Klown
 57270 | Zot:1    | Reached skill level 14 in Long Blades
 57540 | Zot:1    | Reached XP level 25. HP: 180/231 MP: 34/39
 57792 | Zot:2    | Reached skill level 15 in Long Blades
 57962 | Zot:2    | Learned a level 2 spell: Sublimation of Blood
 58075 | Zot:2    | Gained mutation: You expend magic power (3 MP) to
                  | strengthen your wands. [evolution]
 58270 | Zot:2    | Reached skill level 16 in Long Blades
 58630 | Zot:2    | Reached skill level 18 in Dodging
 59375 | Zot:4    | Reached skill level 19 in Dodging
 60212 | Zot:4    | Learned a level 2 spell: Shroud of Golubria
 60214 | Zot:5    | Entered Level 5 of the Realm of Zot
 60695 | Zot:5    | Reached XP level 26. HP: 216/240 MP: 39/39
 60773 | Zot:5    | Noticed an ancient lich
 60786 | Zot:5    | Reached skill level 21 in Fighting
 60786 | Zot:5    | Noticed an orb of fire
 60787 | Zot:5    | Noticed an ancient lich
 60789 | Zot:5    | Noticed an ancient lich
 60791 | Zot:5    | Noticed an ancient lich
 60828 | Zot:5    | Noticed an ancient lich
 60828 | Zot:5    | Noticed an ancient lich
 60828 | Zot:5    | Noticed an ancient lich
 60864 | Zot:5    | Killed an ancient lich
 60929 | Zot:5    | Gained mutation: Your magical capacity is low. (-10% MP)
                  | [an orb of fire]
 60940 | Zot:5    | Gained mutation: You are clumsy. (Dex -2) [an orb of fire]
 60941 | Zot:5    | Killed an orb of fire
 60948 | Zot:5    | Killed an ancient lich
 60951 | Zot:5    | Killed an ancient lich
 60961 | Zot:5    | Killed an ancient lich
 60961 | Zot:5    | Reached skill level 22 in Fighting
 60984 | Zot:5    | HP: 115/319 [Orb Guardian (21)]
 60989 | Zot:5    | HP: 71/247 [Orb Guardian (13)]
 60990 | Zot:5    | HP: 35/247 [Orb Guardian (38)]
 60992 | Zot:5    | Slain by an Orb Guardian

Levels and vault maps discovered:
D:1:      ebering_hopf_link, layout_basic
D:2:      layout_basic, first_ration, uniq_robin, uniq_jessica,
          uniq_crazy_yiuf_cottage
D:3:      layout_basic, overflow_temple_1_default, tso_altar,
          kennysheep_generic_room_9
D:4:      layout_loops_ring, minmay_temple_entry_trees
D:5:      layout_layer_cave, serial_shops, shop_statue, uniq_ijyb
D:6:      layout_loops_ring
D:7:      layout_loops_corners, nicolae_qazlal_general_emergency,
          okawaru_ov_weapons_minmay, nicolae_ossuary_entry_false_entrances,
          serial_shops, shop
D:8:      layout_loops_ring, grunt_pizzeria, hangedman_decor_diamond_cutter,
          uniq_grum, uniq_erica
D:9:      layout_gridville, erik_lair_orcish_takeover, minivault_16, uniq_harold
D:10:     layout_loops_corners, nicolae_transmutations_shop,
          grunt_ashenzari_visionary [grunt_ashenzari_visionary_swamp,
          grunt_ashenzari_visionary_spider]
D:11:     layout_gridville, david_orc_5, basic_altar, minivault_26
D:12:     layout_roguey, serial_rivers, chequers_serial_rivers_small_3,
          chequers_serial_rivers_micro_a, chequers_serial_rivers_large_b,
          chequers_serial_rivers_large_a
D:13:     layout_layer_cave, st_stairs_12, minivault_1, jmf_multi_god_temple
D:14:     layout_basic, grunt_vaults_entry_fortified, gauntlet_entry_generic,
          serial_shops, shop_fountains, minivault_7
D:15:     gammafunk_enter_depths_forms, layout_loops_corners,
          gammafunk_ghost_spectres
Temple:   dpeg_five_rooms_temple
Lair:1:   layout_concentric_octagons
Lair:2:   layout_regular_city, spider_nest_entry_rubble, serial_bayou,
          serial_bayou_lagoon_a, serial_bayou_shore_b, serial_bayou_crossing,
          serial_bayou_pond_d, uniq_sonja
Lair:3:   gammafunk_lair_enchanted_lake, layout_cave_pods,
          grunt_forest_large_clearings
Lair:4:   beast_lair_carwin_large_3, layout_concentric_octagons, swamp_mist,
          cheibrodos_lair_reptile_den
Lair:5:   layout_layer_cave, dpeg_slime_entry_enclosed_altar, grunt_megastairs_2
Lair:6:   cheibrodos_lair_end_hotspot, layout_gridlike
Swamp:1:  layout_basic_swamp, ebering_ghost_rock_garden,
          nicolae_swamp_dense_foliage, swamp_pool1, infiniplex_staircase_pool
Swamp:2:  layout_basic_swamp, evilmike_swamp_ruin_wall
Swamp:3:  layout_basic_swamp, portal_ice_cave_entry_ugly_swarm,
          evilmike_swamp_ruin_house_6, swamp_pool2, hangedman_swamp_dais
Swamp:4:  swamp_basic_johnstein, layout_basic_swamp, uniq_nikola
Spider:1: layout_chambers
Spider:2: layout_spider_delve
Spider:3: layout_spider_delve, drop_trap, spiders_nest_hornet_nest, uniq_agnes,
          uniq_bai_suzhen, uniq_kirke
Spider:4: spider_rune_water, uniq_roxanne
Orc:1:    layout_diamond_mine
Orc:2:    st_orc_mages, layout_caves, bloody_trog
Vaults:1: v_misc_15, nicolae_vaults_border_crossing, grunt_vaults_twisty,
          grunt_vaults_swirl, dpeg_vaults_pockets_of_resistance,
          nicolae_vaults_network_square, nicolae_vaults_big_ls,
          hangedman_vaults_stretched_pinwheel, vaults_dpeg_doors,
          ontoclasm_vaults_idyll, nicolae_vaults_windows_and_doors_thing,
          nicolae_vaults_asterisk, ontoclasm_vaults_loading_screen,
          vaults_room_pool, layout_vaults_ring
Vaults:2: vaults_room_door_hall, ontoclasm_vaults_loading_screen,
          dpeg_vaults_waves, v_misc_10, v_alt_pattern_2, v_misc_1,
          grunt_vaults_trifunnel, nicolae_vaults_little_squares_5,
          grunt_vaults_focal, dpeg_vaults_monster_box, vaults_dpeg_cross,
          v_alt_pattern_1, hangedman_vaults_impose, vaults_room_grid,
          ontoclasm_vaults_ring_small, nicolae_vaults_diagonal_hallway_6,
          nicolae_vaults_back_hallway, layout_vaults_maze, serial_shops, shop,
          uniq_sojobo
Vaults:3: vaults_room_boxed, v_misc_17, nicolae_vaults_specimen_jars,
          vaults_room_corners, minmay_crypt_entry_simple_round,
          layout_vaults_omnigrid
Vaults:4: grunt_vaults_funnel, hangedman_vaults_cutoff, v_rooms_2, v_misc_25,
          ontoclasm_vaults_shuriken, vaults_room_door_hall, v_misc_2,
          vaults_room_pools, vaults_room_stairs_pillars, v_pattern_2,
          ontoclasm_vaults_tryst, grunt_vaults_hallway_short,
          vaults_room_stairs_pillars, layout_vaults_omnicross, serial_shops,
          nicolae_shop_behind_doors
Vaults:5
Depths:1: layout_roguey, hell_entry, abyss_entry, grunt_pan_entry_spiral,
          serial_bayou_pond_b, minmay_misc_feat_enclosed, drop_trap,
          grunt_ministairs_6, solitary_fountain, hangedman_stitches_earthworm
Depths:2: kennysheep_large_vault, layout_cave_pools, pan_entry, hell_entry,
          evilmike_butchery, uniq_mara
Depths:3: radiant_caverns_a_rkd, pan_entry, hell_entry, abyss_entry
Depths:4: regret_index_uskayaw_diablada_macabre, layout_cave_shapes,
          enter_ziggurat_c, serial_column_ruins, column_ruins_columns_straight,
          column_ruins_open_tiny, column_ruins_open_tiny,
          column_ruins_open_tiny, column_ruins_grid_1, pf_hell_entry_tar_spiral,
          dk_noncrumbling_3, hangedman_abyss_entry_splay, roderic_lattice_a,
          kennysheep_treasure_room, uniq_mennas
Depths:5: evilmike_zot_entry_hall, layout_basic, serial_shops,
          nicolae_shop_statue_plus, shop, lightli_too_deep, minmay_shop_grove,
          uniq_boris, uniq_frederick
Hell
Zot:1:    circus_mu, layout_misc_corridors, grunt_ministairs_15
Zot:2:    layout_twisted_circle, st_stairs_7
Zot:3:    kennysheep_ambush_hall, layout_misc_corridors, drop_trap
Zot:4:    layout_onion_interference, st_single_dragon_hoard_4
Zot:5:    layout_gridlike

Skill      XL: |  1  2  3  4  5  6  7  8  9 10 11 12 13 14 15 16 17 18 19 20 21 22 23 24 25 26 |
---------------+-------------------------------------------------------------------------------+-----
Fighting       | 1 3 4 5 11 14 15 20 22 | 22.2
Spellcasting   | 3 5 6 8 12 | 12.0
Summonings     | 6 9 10 7 3 0 |  0.0
Hexes          | 3 |  3.1
Ice Magic      | 4 |  4.1
Air Magic      | 4 |  4.4
Dodging        | 8 12 15 17 19 | 19.7
Staves         | 2 |  2.2
Long Blades    | 8 12 14 16 | 16.1
Conjurations   | 1 4 |  4.0
Poison Magic   | 1 4 |  4.0
Stealth        | 3 7 8 |  8.0
Necromancy     | 3 4 11 16 17 19 | 19.7
Charms         | 3 6 8 9 12 13 16 | 16.5
Evocations     | 6 8 9 |  9.5
Earth Magic    | 4 9 |  9.1
Transmutations | 3 5 |  5.1

Action                   |  1- 3 |  4- 6 |  7- 9 | 10-12 | 13-15 | 16-18 | 19-21 | 22-24 | 25-27 || total
-------------------------+-------+-------+-------+-------+-------+-------+-------+-------+-------++-------
Melee: Unarmed           |    50 |       |       |       |       |       |       |       |       ||    50
       Tailslap          |    15 |     9 |    27 |    95 |   120 |   167 |   167 |   214 |    83 ||   897
       Whip              |    43 |       |       |       |       |       |       |       |       ||    43
       Spear             |     9 |    14 |       |       |       |       |       |       |       ||    23
       Quarterstaff      |       |   125 |   290 |   787 |   149 |       |       |       |       ||  1351
       Double sword      |       |       |       |       |   839 |   825 |   910 |  1145 |   423 ||  4142
       Headbutt          |       |       |       |       |       |       |       |   137 |       ||   137
       Kick              |       |       |       |       |       |       |       |     5 |       ||     5
Throw: Dart              |       |     3 |       |       |       |       |       |       |       ||     3
 Cast: Summon Small Mamm |    10 |       |       |       |     1 |       |       |       |       ||    11
       Call Imp          |     3 |     2 |     3 |       |     2 |       |       |       |       ||    10
       Call Canine Famil |       |     3 |     9 |    20 |     4 |       |       |       |       ||    36
       Summon Ice Beast  |       |       |     1 |    52 |    36 |       |       |       |       ||    89
       Summon Lightning  |       |       |       |     7 |     5 |       |       |       |       ||    12
       Summon Guardian G |       |       |       |     3 |     1 |       |       |       |       ||     4
       Mephitic Cloud    |       |       |       |       |    13 |     4 |       |       |       ||    17
       Song of Slaying   |       |       |       |       |     3 |    22 |    10 |    18 |     4 ||    57
       Infusion          |       |       |       |       |     2 |    24 |     1 |     6 |     3 ||    36
       Spectral Weapon   |       |       |       |       |     1 |       |       |       |       ||     1
       Regeneration      |       |       |       |       |       |    16 |    11 |    49 |    17 ||    93
       Ozocubu's Armour  |       |       |       |       |       |    19 |     7 |    12 |     1 ||    39
       Deflect Missiles  |       |       |       |       |       |     1 |     2 |     4 |     2 ||     9
       Statue Form       |       |       |       |       |       |       |    14 |    33 |     9 ||    56
       Blink             |       |       |       |       |       |       |     1 |     2 |       ||     3
       Silence           |       |       |       |       |       |       |     1 |     4 |     3 ||     8
       Death's Door      |       |       |       |       |       |       |       |     2 |       ||     2
Invok: Curse Item        |       |     1 |       |     3 |     2 |     2 |     1 |       |       ||     9
       Transfer Knowledg |       |       |       |       |       |     1 |     2 |       |       ||     3
       Scrying           |       |       |       |       |       |       |       |       |     2 ||     2
 Abil: Fly               |     1 |       |       |       |       |       |       |     1 |       ||     2
       Evoke Invisibilit |       |       |       |       |       |     1 |     1 |     4 |     1 ||     7
       End Transformatio |       |       |       |       |       |       |     1 |       |     2 ||     3
Evoke: Wand              |       |       |       |     3 |       |       |       |     1 |       ||     4
       Lightning rod     |       |       |       |       |       |       |       |     4 |       ||     4
  Use: Scroll            |     3 |     5 |    14 |     6 |    17 |     4 |     9 |     5 |     4 ||    67
       Potion            |     3 |     2 |     4 |     3 |     1 |       |     4 |     9 |     5 ||    31
 Stab: Sleeping          |     2 |     4 |     6 |     5 |    18 |    14 |    11 |     2 |     4 ||    66
       Distracted        |     2 |       |       |     8 |     1 |     6 |     7 |     2 |     3 ||    29
       Paralysed         |       |     1 |     3 |       |     2 |       |       |       |       ||     6
       Confused          |       |       |     2 |       |    13 |     3 |       |       |       ||    18
       Petrified         |       |       |       |     2 |       |       |       |       |       ||     2
       Petrifying        |       |       |       |     1 |       |       |       |       |       ||     1
       Invisible         |       |       |       |       |       |     4 |     4 |    25 |     7 ||    40
  Eat: Chunk             |     2 |     5 |    12 |    28 |    30 |    21 |    20 |    26 |       ||   144
       Ration            |       |     1 |     1 |     4 |     6 |     3 |     3 |     8 |     6 ||    32
Armor: Skin              |    32 |    71 |   172 |   382 |   279 |   369 |   312 |   572 |   224 ||  2413
Dodge: Dodged            |    68 |    91 |   235 |   910 |   812 |  1100 |   978 |  1363 |   601 ||  6158
       Deflected         |       |       |       |       |       |    18 |    34 |    51 |    26 ||   129
       Rpst.: Double sword |       |       |       |       |   143 |   177 |   188 |   237 |    95 ||   840

Table legend:
 A = Non-vault XP
 B = Vault XP
 C = Vault XP percentage of total XP
 D = Non-vault monster count
 E = Vault monster count
 F = Vault count percentage of total count
                 A         B        C        D         E       F
            +---------+---------+-------+---------+---------+-------
      Total |  735023 |  656932 |  47.2 |    1398 |     834 |  37.4
            +---------+---------+-------+---------+---------+-------
        D:1 |      33 |       0 |   0.0 |      13 |       0 |   0.0
        D:2 |      38 |      68 |  64.2 |       9 |      14 |  60.9
        D:3 |     245 |       1 |   0.4 |      34 |       1 |   2.9
        D:4 |     308 |       0 |   0.0 |      16 |       0 |   0.0
        D:5 |     344 |      36 |   9.5 |      22 |       1 |   4.3
        D:6 |     465 |       0 |   0.0 |      13 |       0 |   0.0
        D:7 |     255 |     119 |  31.8 |      11 |       1 |   8.3
        D:8 |    2122 |    1595 |  42.9 |      20 |       6 |  23.1
        D:9 |    2107 |    1034 |  32.9 |      44 |       7 |  13.7
       D:10 |    2073 |     277 |  11.8 |      34 |       8 |  19.0
       D:11 |    3144 |     543 |  14.7 |      33 |      15 |  31.2
       D:12 |   10814 |       0 |   0.0 |      53 |       0 |   0.0
       D:13 |    5367 |    3469 |  39.3 |      30 |       5 |  14.3
       D:14 |    4253 |    8746 |  67.3 |      16 |      28 |  63.6
       D:15 |    7547 |   16147 |  68.1 |      20 |      19 |  48.7
     Lair:1 |    5126 |       0 |   0.0 |      27 |       0 |   0.0
     Lair:2 |    5775 |     410 |   6.6 |      27 |       2 |   6.9
     Lair:3 |    2422 |    6739 |  73.6 |      10 |      32 |  76.2
     Lair:4 |    8072 |    5400 |  40.1 |      32 |      20 |  38.5
     Lair:5 |    9852 |     855 |   8.0 |      44 |       4 |   8.3
     Lair:6 |    3850 |    7593 |  66.4 |      18 |      26 |  59.1
    Swamp:1 |   16124 |    1722 |   9.6 |      31 |       1 |   3.1
    Swamp:2 |    7298 |       0 |   0.0 |      20 |       0 |   0.0
    Swamp:3 |   21910 |   12164 |  35.7 |      48 |      17 |  26.2
    Swamp:4 |   20361 |   25601 |  55.7 |      40 |      30 |  42.9
   Spider:1 |    7563 |       0 |   0.0 |      18 |       0 |   0.0
   Spider:2 |    7158 |       0 |   0.0 |      18 |       0 |   0.0
   Spider:3 |    9534 |    9524 |  50.0 |      29 |       4 |  12.1
   Spider:4 |    8542 |   24228 |  73.9 |      25 |      42 |  62.7
      Orc:1 |    2989 |       0 |   0.0 |      23 |       0 |   0.0
      Orc:2 |    4226 |    4759 |  53.0 |      55 |      37 |  40.2
   Vaults:1 |   19116 |   45900 |  70.6 |      38 |      57 |  60.0
   Vaults:2 |   23900 |   41930 |  63.7 |      45 |      47 |  51.1
   Vaults:3 |   37581 |    6384 |  14.5 |      65 |      12 |  15.6
   Vaults:4 |   28015 |   18509 |  39.8 |      33 |      26 |  44.1
   Vaults:5 |    6988 |  117306 |  94.4 |      10 |      90 |  90.0
   Depths:1 |   39588 |   13679 |  25.7 |      46 |      33 |  41.8
   Depths:2 |   51832 |   54210 |  51.1 |      73 |      45 |  38.1
   Depths:3 |       0 |   75054 | 100.0 |       0 |      92 | 100.0
   Depths:4 |   23758 |   14260 |  37.5 |      33 |       4 |  10.8
   Depths:5 |   80132 |   29426 |  26.9 |      67 |      17 |  20.2
       Hell |    8932 |    1313 |  12.8 |      20 |       4 |  16.7
      Zot:1 |   74713 |   25749 |  25.6 |      47 |      20 |  29.9
      Zot:2 |   57787 |     632 |   1.1 |      33 |       2 |   5.7
      Zot:3 |   26897 |   10137 |  27.4 |      14 |       8 |  36.4
      Zot:4 |   47625 |    4075 |   7.9 |      22 |       1 |   4.3
      Zot:5 |   28242 |   66514 |  70.2 |      19 |      15 |  44.1
    Ossuary |       0 |     217 | 100.0 |       0 |      35 | 100.0
      IceCv |       0 |     607 | 100.0 |       0 |       6 | 100.0
            +---------+---------+-------+---------+---------+-------

Table legend:
 A = Kills in this place as a percentage of kills in entire the game.
 B = Kills by you in this place as a percentage of kills by you in the entire game.
 C = Kills by friends in this place as a percentage of kills by friends in the entire game.
 D = Other kills in this place as a percentage of other kills in the entire game.
 E = Experience gained in this place as a percentage of experience gained in the entire game.
 F = Experience gained in this place divided by the number of levels of this place that you have seen.
                   A       B       C       D       E      F
               +-------+-------+-------+-------+-------+----------------------
         Total | 100.0 | 100.0 | 100.0 | 100.0 | 100.0 | 27839.1
       Dungeon |  21.2 |  20.4 |  44.7 |  11.1 |   5.1 | 4743.3
          Lair |  10.8 |   9.2 |  55.3 |  16.7 |   4.0 | 9349.0
         Swamp |   8.4 |   8.7 |   0.0 |   0.0 |   7.6 | 26295.0
   Spider Nest |   6.1 |   6.3 |   0.0 |  11.1 |   4.8 | 16637.2
  Orcish Mines |   5.2 |   5.4 |   0.0 |   0.0 |   0.9 | 5987.0
        Vaults |  19.0 |  19.6 |   0.0 |  16.7 |  24.8 | 69125.8
        Depths |  18.4 |  19.1 |   0.0 |   5.6 |  27.4 | 76387.8
          Hell |   1.1 |   1.1 |   0.0 |   0.0 |   0.7 | 10245.0
           Zot |   8.1 |   8.1 |   0.0 |  38.9 |  24.6 | 68474.2
       Ossuary |   1.6 |   1.6 |   0.0 |   0.0 |   0.0 | 217.0
      Ice Cave |   0.3 |   0.3 |   0.0 |   0.0 |   0.0 | 607.0
               +-------+-------+-------+-------+-------+----------------------

Table legend:
 A = Turns spent in this place as a percentage of turns spent in the entire game.
 B = Non-inter-level travel turns spent in this place as a percentage of non-inter-level travel turns spent in the entire game.
 C = Inter-level travel turns spent in this place as a percentage of turns spent in this place.
 D = Turns resting spent in this place as a percentage of non-inter-level travel turns spent in this place.
 E = Turns spent auto-exploring this place as a percentage of non-inter-level travel turns spent in this place.
 F = Non-inter-level travel turns spent in this place divided by the number of levels of this place that you've seen.
                   A       B       C       D       E      F
               +-------+-------+-------+-------+-------+----------------------
         Total | 100.0 | 100.0 |  10.4 |  23.3 |  46.4 | 1092.9
       Dungeon |  34.2 |  33.2 |  13.0 |  27.4 |  50.0 | 1208.5
        Temple |   0.4 |   0.4 |  24.3 |   0.0 |  95.9 | 196.0
          Lair |  17.4 |  17.2 |  11.4 |  36.5 |  37.8 | 1569.5
         Swamp |   5.9 |   6.0 |   8.1 |  14.1 |  49.3 | 822.5
   Spider Nest |   6.3 |   6.7 |   5.1 |  27.2 |  49.9 | 917.2
  Orcish Mines |   2.3 |   2.1 |  16.9 |   6.1 |  60.2 | 571.0
        Vaults |  12.5 |  13.1 |   5.6 |  12.9 |  52.1 | 1434.6
        Depths |  13.4 |  12.9 |  13.9 |  16.8 |  40.3 | 1407.0
          Hell |   0.0 |   0.0 |   0.0 |   0.0 |   0.0 |  19.0
           Zot |   7.1 |   7.7 |   2.1 |  14.6 |  42.6 | 846.4
       Ossuary |   0.4 |   0.5 |   0.0 |  26.0 |  15.3 | 262.0
      Ice Cave |   0.1 |   0.2 |   0.0 |  36.6 |   0.0 |  82.0
               +-------+-------+-------+-------+-------+----------------------

Levels and vault maps discovered:
D:1:      ebering_hopf_link, layout_basic
D:2:      layout_basic, first_ration, uniq_robin, uniq_jessica,
          uniq_crazy_yiuf_cottage
D:3:      layout_basic, overflow_temple_1_default, tso_altar,
          kennysheep_generic_room_9
D:4:      layout_loops_ring, minmay_temple_entry_trees
D:5:      layout_layer_cave, serial_shops, shop_statue, uniq_ijyb
D:6:      layout_loops_ring
D:7:      layout_loops_corners, nicolae_qazlal_general_emergency,
          okawaru_ov_weapons_minmay, nicolae_ossuary_entry_false_entrances,
          serial_shops, shop
D:8:      layout_loops_ring, grunt_pizzeria, hangedman_decor_diamond_cutter,
          uniq_grum, uniq_erica
D:9:      layout_gridville, erik_lair_orcish_takeover, minivault_16, uniq_harold
D:10:     layout_loops_corners, nicolae_transmutations_shop,
          grunt_ashenzari_visionary [grunt_ashenzari_visionary_swamp,
          grunt_ashenzari_visionary_spider]
D:11:     layout_gridville, david_orc_5, basic_altar, minivault_26
D:12:     layout_roguey, serial_rivers, chequers_serial_rivers_small_3,
          chequers_serial_rivers_micro_a, chequers_serial_rivers_large_b,
          chequers_serial_rivers_large_a
D:13:     layout_layer_cave, st_stairs_12, minivault_1, jmf_multi_god_temple
D:14:     layout_basic, grunt_vaults_entry_fortified, gauntlet_entry_generic,
          serial_shops, shop_fountains, minivault_7
D:15:     gammafunk_enter_depths_forms, layout_loops_corners,
          gammafunk_ghost_spectres
Temple:   dpeg_five_rooms_temple
Lair:1:   layout_concentric_octagons
Lair:2:   layout_regular_city, spider_nest_entry_rubble, serial_bayou,
          serial_bayou_lagoon_a, serial_bayou_shore_b, serial_bayou_crossing,
          serial_bayou_pond_d, uniq_sonja
Lair:3:   gammafunk_lair_enchanted_lake, layout_cave_pods,
          grunt_forest_large_clearings
Lair:4:   beast_lair_carwin_large_3, layout_concentric_octagons, swamp_mist,
          cheibrodos_lair_reptile_den
Lair:5:   layout_layer_cave, dpeg_slime_entry_enclosed_altar, grunt_megastairs_2
Lair:6:   cheibrodos_lair_end_hotspot, layout_gridlike
Swamp:1:  layout_basic_swamp, ebering_ghost_rock_garden,
          nicolae_swamp_dense_foliage, swamp_pool1, infiniplex_staircase_pool
Swamp:2:  layout_basic_swamp, evilmike_swamp_ruin_wall
Swamp:3:  layout_basic_swamp, portal_ice_cave_entry_ugly_swarm,
          evilmike_swamp_ruin_house_6, swamp_pool2, hangedman_swamp_dais
Swamp:4:  swamp_basic_johnstein, layout_basic_swamp, uniq_nikola
Spider:1: layout_chambers
Spider:2: layout_spider_delve
Spider:3: layout_spider_delve, drop_trap, spiders_nest_hornet_nest, uniq_agnes,
          uniq_bai_suzhen, uniq_kirke
Spider:4: spider_rune_water, uniq_roxanne
Orc:1:    layout_diamond_mine
Orc:2:    st_orc_mages, layout_caves, bloody_trog
Vaults:1: v_misc_15, nicolae_vaults_border_crossing, grunt_vaults_twisty,
          grunt_vaults_swirl, dpeg_vaults_pockets_of_resistance,
          nicolae_vaults_network_square, nicolae_vaults_big_ls,
          hangedman_vaults_stretched_pinwheel, vaults_dpeg_doors,
          ontoclasm_vaults_idyll, nicolae_vaults_windows_and_doors_thing,
          nicolae_vaults_asterisk, ontoclasm_vaults_loading_screen,
          vaults_room_pool, layout_vaults_ring
Vaults:2: vaults_room_door_hall, ontoclasm_vaults_loading_screen,
          dpeg_vaults_waves, v_misc_10, v_alt_pattern_2, v_misc_1,
          grunt_vaults_trifunnel, nicolae_vaults_little_squares_5,
          grunt_vaults_focal, dpeg_vaults_monster_box, vaults_dpeg_cross,
          v_alt_pattern_1, hangedman_vaults_impose, vaults_room_grid,
          ontoclasm_vaults_ring_small, nicolae_vaults_diagonal_hallway_6,
          nicolae_vaults_back_hallway, layout_vaults_maze, serial_shops, shop,
          uniq_sojobo
Vaults:3: vaults_room_boxed, v_misc_17, nicolae_vaults_specimen_jars,
          vaults_room_corners, minmay_crypt_entry_simple_round,
          layout_vaults_omnigrid
Vaults:4: grunt_vaults_funnel, hangedman_vaults_cutoff, v_rooms_2, v_misc_25,
          ontoclasm_vaults_shuriken, vaults_room_door_hall, v_misc_2,
          vaults_room_pools, vaults_room_stairs_pillars, v_pattern_2,
          ontoclasm_vaults_tryst, grunt_vaults_hallway_short,
          vaults_room_stairs_pillars, layout_vaults_omnicross, serial_shops,
          nicolae_shop_behind_doors
Vaults:5
Depths:1: layout_roguey, hell_entry, abyss_entry, grunt_pan_entry_spiral,
          serial_bayou_pond_b, minmay_misc_feat_enclosed, drop_trap,
          grunt_ministairs_6, solitary_fountain, hangedman_stitches_earthworm
Depths:2: kennysheep_large_vault, layout_cave_pools, pan_entry, hell_entry,
          evilmike_butchery, uniq_mara
Depths:3: radiant_caverns_a_rkd, pan_entry, hell_entry, abyss_entry
Depths:4: regret_index_uskayaw_diablada_macabre, layout_cave_shapes,
          enter_ziggurat_c, serial_column_ruins, column_ruins_columns_straight,
          column_ruins_open_tiny, column_ruins_open_tiny,
          column_ruins_open_tiny, column_ruins_grid_1, pf_hell_entry_tar_spiral,
          dk_noncrumbling_3, hangedman_abyss_entry_splay, roderic_lattice_a,
          kennysheep_treasure_room, uniq_mennas
Depths:5: evilmike_zot_entry_hall, layout_basic, serial_shops,
          nicolae_shop_statue_plus, shop, lightli_too_deep, minmay_shop_grove,
          uniq_boris, uniq_frederick
Hell
Zot:1:    circus_mu, layout_misc_corridors, grunt_ministairs_15
Zot:2:    layout_twisted_circle, st_stairs_7
Zot:3:    kennysheep_ambush_hall, layout_misc_corridors, drop_trap
Zot:4:    layout_onion_interference, st_single_dragon_hoard_4
Zot:5:    layout_gridlike
